 Dungeon Crawl Stone Soup version 0.31-a0-1074-g0b22e4e0f1 (webtiles) character file.

Game seed: 4963800186475689124

57 croobank the Ruffian (level 4, 0/29 HPs)
             Began as an Octopode Shapeshifter on Dec 6, 2023.
             Slain by Grinder (7 damage)
             ... on level 3 of the Dungeon on Dec 7, 2023.
             The game lasted 00:05:08 (1869 turns).

croobank the Ruffian (Octopode Shapeshifter)        Turns: 1869, Time: 00:05:08

Health: 0/29       AC:  1    Str: 13    XL:     4   Next: 0%
Magic:  4/4        EV: 13    Int: 14    God:
Gold:   185        SH:  0    Dex: 11    Spells: 3/3 levels left

rFire   . . .        l - +3 dagger (pain)
rCold   . . .        (no shield)
rNeg    . . .        (helmet currently unavailable)
rPois   +            (no amulet)
rElec   .            e - ring of poison resistance
rCorr   .            (no ring)
SInv    .            (no ring)
Will    .....        (no ring)
Stlth   ++           (no ring)
HPRegen 0.24/turn    (no ring)
MPRegen 0.09/turn    (no ring)
                     (no ring)

%: no passive effects
@: beast-form
A: beast (slay +1), almost no armour, amphibious, 8 rings, camouflage 1,
gelatinous body 1, (nimble swimmer 1), tentacles
a: Begin Untransformation


You were on level 3 of the Dungeon.
You were a hulking beast.
You visited 1 branch of the dungeon, and saw 3 of its levels.

You collected 185 gold pieces.

Inventory:

Hand Weapons
 f - a +0 dagger
 j - a +0 dagger
 l - a +3 dagger of pain (weapon)
Missiles
 i - 11 poisoned darts
Jewellery
 e - a ring of poison resistance (left tentacle)
 p - a ring of resist corrosion
Talismans
 b - a beast talisman
 c - a flux talisman
Scrolls
 d - a scroll of immolation {unknown}
 h - a scroll of teleportation
 n - a scroll of enchant weapon {unknown}
 o - a scroll of identify {unknown}
 r - a scroll of blinking {unknown}
Potions
 a - a potion of lignification
 g - a potion of haste {unknown}
 k - a potion of heal wounds {unknown}
 m - 2 potions of curing {unknown}
 q - a potion of berserk rage {unknown}


   Skills:
 - Level 1.9 Fighting
 - Level 2.6 Dodging
 - Level 3.4 Unarmed Combat
 + Level 0.2 Spellcasting
 + Level 0.2 Necromancy
 - Level 3.3 Shapeshifting


You had 3 spell levels left.
You didn't know any spells.
Your spell library contained the following spells:

 Spells                   Type           Power      Damage    Failure   Level
 Sting                    Tmut/Pois      0%         1d3       28%         1
 Poisonous Vapours        Pois/Air       0%         N/A       41%         2
 Scorch                   Fire           0%         2d5       41%         2
 Flame Wave               Conj/Fire      0%         2d4       96%         4
 Olgreb's Toxic Radiance  Pois           0%         N/A       96%         4
 Summon Cactus Giant      Summ           0%         N/A       100%        6


Dungeon Overview and Level Annotations

Branches:
Dungeon (3/15)

Altars:

Shops:
D:1 [   D:2 :

Annotations:
D:3 Grinder


Innate Abilities, Weirdness & Mutations

You are a hulking beast.
Your limbs bulge with bestial killing power. (Slay +1)
You cannot wear most types of armour.
You are amphibious.
You can wear up to eight rings at the same time.
Your skin changes colour to match your surroundings (Stealth+).
Your rubbery body absorbs attacks. (AC +1, EV +1)
((You are camouflaged when in or above water. (Stealth+)))
You have tentacles for arms and can constrict up to eight enemies at once.


Message History

Found an escape hatch in the floor.
An endoplasm comes into view.
Found 8 gold pieces.
Grinder gestures at you. Pain shoots through your body!
The endoplasm quivers.
Grinder gestures at you. You resist with significant effort.
You hear the slow rusting of a drain very nearby.
Okay, then.
Okay, then.
As you read the scroll labelled DYARCH UDIF FUOME, it crumbles to dust.
You feel strangely unstable.
It was a scroll of teleportation.
Grinder blinks!
The endoplasm freezes you.
You are frozen.
You puncture the endoplasm!
You kill the endoplasm!
Grinder blinks!
You have reached level 4!
Your surroundings suddenly seem different.
Okay, then.
HP restored.
Grinder shouts!
Grinder blinks!
You hear the rusting of a drain.
Grinder gestures at you. Pain shoots through your body!
There is a faded altar of an unknown god here.
You see here a +0 dagger.
You hit Grinder but do no damage. Your grab misses Grinder. Grinder hits you.
You writhe in agony.
You closely miss Grinder. You grab Grinder. You squeeze Grinder!
Grinder is lightly wounded.
You constrict Grinder. Grinder hits you!
You writhe in agony.
* * * LOW HITPOINT WARNING * * *
You hit Grinder.
Grinder is moderately wounded.
You constrict Grinder. Grinder hits you!
You die...
Grinder says, "Now the real fun starts!"

##..## #.#
#..## #.#
#.## #.#
#.# ##.###
##.#
#....#
###..##
###.##.#
......#
##......#
###.#.##
#.......#
#..#..###
#...h...#
##.###...#
#...5..##
#..# #####
#.......#
..##
#..##>###
..# ##.
... ..# #.
$.. ..#
... ..#
..... ..#


You could see Grinder.

Vanquished Creatures
  An adder (D:2)
  5 bats
  5 endoplasms
  3 giant cockroaches
  9 goblins
  3 hobgoblins
  6 ball pythons
  2 frilled lizards
  3 kobolds
  9 rats
46 creatures vanquished.

Notes
Turn   | Place    | Note
-------+----------+-------------------------------------------
     0 | D:1      | croobank the Octopode Shapeshifter began the quest for the
                  | Orb.
     0 | D:1      | Reached XP level 1. HP: 13/13 MP: 1/1
   206 | D:1      | Reached XP level 2. HP: 15/18 MP: 2/2
   808 | D:1      | Found Heikei's Armour Shop.
   949 | D:2      | Reached XP level 3. HP: 12/24 MP: 3/3
  1377 | D:2      | Found Edeed's Book Shop.
  1805 | D:3      | Found a faded altar of an unknown god.
  1807 | D:3      | Noticed Grinder
  1819 | D:3      | Reached XP level 4. HP: 25/29 MP: 4/4
  1869 | D:3      | Slain by Grinder

Illustrated notes

Levels and vault maps discovered:
D:1:      onia_arrival_pyramid, layout_basic, serial_shops, shop_coins
D:2:      layout_loops_ring, serial_shops, nicolae_shop_window_shopping
D:3:      layout_rooms, nicolae_kikubaaqudgha_miasma_corner,
          ebering_ecumenical_altar_sacrificial, gammafunk_ghost_nasty_kobolds,
          portal_sewer_entry_d, st_stairs_1, nicolae_twisty_statue_hallways,
          uniq_grinder, uniq_ijyb

Action                     |  1- 3 |  4- 6 || total
---------------------------+-------+-------++-------
  Melee: Unarmed           |    53 |       ||    53
         Constrict         |    15 |     1 ||    16
         Tentacles         |     5 |     1 ||     6
         Punch             |     3 |       ||     3
         Dagger            |    33 |     3 ||    36
    Use: Scroll            |     1 |       ||     1
   Stab: Sleeping          |     8 |       ||     8
 Armour: Skin              |    24 |     3 ||    27
  Dodge: Dodged            |    42 |       ||    42

Table legend: (Time is in decaauts)
 A = Elapsed time spent in this place.
 B = Non-inter-level travel time spent in this place.
 C = Inter-level travel time spent in this place.
 D = Time resting spent in this place.
 E = Time spent auto-exploring this place.
 F = Levels seen in this place.
 G = Mean time per level.
                   A        B        C        D        E       F      G
               +--------+--------+--------+--------+--------+-----+--------+
         Total |   1864 |   1728 |    136 |    159 |   1115 |   3 |  621.3 |
       Dungeon |   1864 |   1728 |    136 |    159 |   1115 |   3 |  621.3 |
               +--------+--------+--------+--------+--------+-----+--------+

Top non-repeatable levels by time:
     D:1: 884 daAuts
     D:2: 823 daAuts
     D:3: 156 daAuts
